cohdb
Replays
Latest Replays
All Replays
Popular Replays
Top Player Replays
Match Explorer
How It Works
Community
CoH3 Stats
Reddit
Sign in to upload your games and track your stats! →
Sign in with Steam
Match 33070842
Unlisted
Match 33070842
Overview
Messages
Build Orders
End
Construct Infanterie Kompanie
Selects Mechanized Battlegroup
MG 42 Machine Gun Team
MG 42 Machine Gun Team
Grenadier Squad
GrW 34 Mortar Team
Selects Spotting Scopes
Construct Panzergrenadier Kompanie
Medical Station
Panzergrenadier Squad
Support Elements
Pak 40 Anti-tank Gun Team
Nebelwerfer 42 Rocket Launcher Team
StuG III G Assault Gun
Selects Wespe Self-propelled Artillery
Panzergrenadier Squad
Wespe Self-propelled Artillery
Selects Raid Package
Grenadier Squad
Pak 40 Anti-tank Gun Team
Selects 8 Rad Armored Car
Selects StuG Assault Group
StuG Assault Group
Selects UNKNOWN (2160084)
Construct Panzer Kompanie
Selects Zeroing Artillery Barrage
SPEED WAGON *RU*
Cat
Bruistablet
Professor gibberish
0
0
Comments
sign in to comment!
No comments posted yet!